 Dungeon Crawl Stone Soup version 0.28-a0-1555-g9ae15a6949 (webtiles) character file.

Game seed: 11945358164169536128

57 buddhastalin the Ducker (level 4, -1/38 HPs)
             Began as a Gnoll Gladiator on Jan 19, 2022.
             Slain by an adder (3 damage)
             ... on level 3 of the Dungeon.
             The game lasted 00:02:19 (1259 turns).

buddhastalin the Ducker (Gnoll Gladiator)           Turns: 1259, Time: 00:02:20

Health: -1/38      AC:  4    Str: 14    XL:     4   Next: 0%
Magic:  5/5        EV: 14    Int:  9    God:
Gold:   21         SH:  0    Dex: 13    Spells: 5/5 levels left

rFire   + . .      SeeInvis .   a - +0 trident
rCold   + . .      Faith    .   (no shield)
rNeg    . . .      Spirit   .   b - +0 leather armour
rPois   +          Reflect  .   c - +0 helmet
rElec   +          Harm     .   (no cloak)
rCorr   +          Rampage  .   (no gloves)
Will    .....                   (no boots)
Stlth   +.........              (no amulet)
HPRegen 0.12/turn               (no ring)
MPRegen 0.09/turn               (no ring)

@: mighty, lethally poisoned (-1 -> -3), resistant, flying, invisible
A: fangs 1, strong nose, distributed training
a: no special abilities


You were on level 3 of the Dungeon.
You visited 1 branch of the dungeon, and saw 3 of its levels.

You collected 21 gold pieces.

Inventory:

Hand Weapons
 a - a +0 trident (weapon)
Missiles
 d - 3 throwing nets (quivered)
Armour
 b - a +0 leather armour (worn)
 c - a +0 helmet (worn)


   Skills:
 + Level 4.6 Fighting
 + Level 1.0 Short Blades
 + Level 1.0 Long Blades
 + Level 1.0 Axes
 + Level 1.0 Maces & Flails
 + Level 6.5 Polearms
 + Level 1.0 Staves
 + Level 1.0 Slings
 + Level 1.0 Bows
 + Level 1.0 Crossbows
 + Level 4.6 Throwing
 + Level 1.0 Armour
 + Level 6.5 Dodging
 + Level 1.0 Stealth
 + Level 1.0 Shields
 + Level 1.0 Unarmed Combat
 + Level 1.0 Spellcasting
 + Level 0.7 Conjurations
 + Level 0.7 Hexes
 + Level 0.7 Summonings
 + Level 0.7 Necromancy
 + Level 0.7 Translocations
 + Level 0.7 Transmutations
 + Level 0.7 Fire Magic
 + Level 0.7 Ice Magic
 + Level 0.7 Air Magic
 + Level 0.7 Earth Magic
 + Level 0.7 Poison Magic
 + Level 1.1 Invocations
 + Level 1.0 Evocations


You had 5 spell levels left.
You didn't know any spells.
Your spell library was empty.

Dungeon Overview and Level Annotations

Branches:
Dungeon (3/15)

Altars:

Portals:
Sewer: D:3


Innate Abilities, Weirdness & Mutations

You have very sharp teeth.
Your uncanny sense of smell can sniff out nearby items.
Your experience applies equally to all skills.


Message History

Your Short Blades skill increases to level 1!
Your Long Blades skill increases to level 1!
Your Axes skill increases to level 1!
Your Maces & Flails skill increases to level 1!
Your Staves skill increases to level 1!
Your Slings skill increases to level 1!
Your Bows skill increases to level 1!
Your Crossbows skill increases to level 1!
Your Armour skill increases to level 1!
Your Stealth skill increases to level 1!
Your Shields skill increases to level 1!
Your Unarmed Combat skill increases to level 1!
Your Spellcasting skill increases to level 1!
Your Evocations skill increases to level 1!
You have reached level 4!
You feel stronger.
It was a potion of invisibility.
You fade into invisibility!
* * * LOW HITPOINT WARNING * * *
You feel sick. The adder misses you.
It was a potion of might.
You feel very mighty all of a sudden.
* * * LOW HITPOINT WARNING * * *
You feel sick. The adder closely misses you.
It was a potion of flight.
You feel very buoyant.
You fly up into the air.
* * * LOW HITPOINT WARNING * * *
You feel sick. The adder closely misses you. x2
You feel protected.
* * * LOW HITPOINT WARNING * * *
You feel sick. The adder completely misses you.
You miss the adder.
* * * LOW HITPOINT WARNING * * *
You feel sick. The adder closely misses you.
You catch the helpless adder completely off-guard!
You hit the adder.
The adder is moderately wounded.
* * * LOW HITPOINT WARNING * * *
You feel sick. The adder bites you.
You die...

............#.)#
.#...............#
..........######)#
..#######.## #.#
..#≈≈≈≈≈#..# #.#
..#≈≈∩≈≈'..# #.#
..#≈≈≈≈≈#..# #.#
..#######..# #.#
.......@SB.# #.#
.....#####.# #.#
#### #.# #.# #.#
#.# #.#####.# ∆
#.......#
#.####### ∆ ...#
#####


You could see an adder and a giant cockroach.

Vanquished Creatures
  3 adders (D:3)
  An orc (D:3)
  7 endoplasms
  A giant cockroach (D:1)
  A goblin (D:3)
  2 hobgoblins
  A quokka (D:1)
  6 ball pythons
  A bat (D:1)
  2 frilled lizards
  2 kobolds
  3 rats
30 creatures vanquished.

Notes
Turn   | Place    | Note
-------+----------+-------------------------------------------
     0 | D:1      | buddhastalin the Gnoll Gladiator began the quest for the
                  | Orb.
     0 | D:1      | Reached XP level 1. HP: 20/20 MP: 1/1
   122 | D:1      | Reached XP level 2. HP: 26/26 MP: 2/2
  1013 | D:2      | You fall into a shaft and drop 1 floor!
  1100 | D:3      | Reached XP level 3. HP: 30/31 MP: 3/3
  1167 | D:3      | Found a glowing drain.
  1228 | D:3      | Reached skill level 1 in Invocations
  1254 | D:3      | Reached skill level 1 in Short Blades
  1254 | D:3      | Reached skill level 1 in Long Blades
  1254 | D:3      | Reached skill level 1 in Axes
  1254 | D:3      | Reached skill level 1 in Maces & Flails
  1254 | D:3      | Reached skill level 1 in Staves
  1254 | D:3      | Reached skill level 1 in Slings
  1254 | D:3      | Reached skill level 1 in Bows
  1254 | D:3      | Reached skill level 1 in Crossbows
  1254 | D:3      | Reached skill level 1 in Armour
  1254 | D:3      | Reached skill level 1 in Stealth
  1254 | D:3      | Reached skill level 1 in Shields
  1254 | D:3      | Reached skill level 1 in Unarmed Combat
  1254 | D:3      | Reached skill level 1 in Spellcasting
  1254 | D:3      | Reached skill level 1 in Evocations
  1254 | D:3      | Reached XP level 4. HP: 10/38 MP: 5/5
  1259 | D:3      | Slain by an adder

Illustrated notes

Levels and vault maps discovered:
D:1:      lightli_arrival_maybe_door_vault, layout_basic, hex_intersection
D:2:      minmay_inner_zag, layout_basic, hellmonk_ecumenical_altar_run_dry
D:3:      layout_loops_ring, doesnt_xom_only_xom, gup_sewer_entry_glass,
          minmay_misc_feat_chi, grunt_ministairs_10, uniq_grinder

Skill      XL: |  1  2  3 |
---------------+----------+-----
Invocations    | 1 |  1.1
Short Blades   | 1 |  1.0
Long Blades    | 1 |  1.0
Axes           | 1 |  1.0
Maces & Flails | 1 |  1.0
Staves         | 1 |  1.0
Slings         | 1 |  1.0
Bows           | 1 |  1.0
Crossbows      | 1 |  1.0
Armour         | 1 |  1.0
Stealth        | 1 |  1.0
Shields        | 1 |  1.0
Unarmed Combat | 1 |  1.0
Spellcasting   | 1 |  1.0
Evocations     | 1 |  1.0
Fighting       | |  4.6
Polearms       | |  6.5
Throwing       | |  4.6
Dodging        | |  6.5
Conjurations   | |  0.7
Hexes          | |  0.7
Summonings     | |  0.7
Necromancy     | |  0.7
Translocations | |  0.7
Transmutations | |  0.7
Fire Magic     | |  0.7
Ice Magic      | |  0.7
Air Magic      | |  0.7
Earth Magic    | |  0.7
Poison Magic   | |  0.7

Action                   |  1- 3 |  4- 6 || total
-------------------------+-------+-------++-------
Melee: Trident           |   123 |     2 ||   125
       Bite              |     9 |       ||     9
  Use: Scroll            |     1 |       ||     1
       Potion            |       |     4 ||     4
 Stab: Sleeping          |     3 |       ||     3
       Invisible         |       |     1 ||     1
Armor: Leather armour    |    15 |       ||    15
Dodge: Dodged            |    76 |     6 ||    82

Table legend: (Time is in decaauts)
 A = Elapsed time spent in this place.
 B = Non-inter-level travel time spent in this place.
 C = Inter-level travel time spent in this place.
 D = Time resting spent in this place.
 E = Time spent auto-exploring this place.
 F = Levels seen in this place.
 G = Mean time per level.
                   A        B        C        D        E       F      G
               +--------+--------+--------+--------+--------+-----+--------+
         Total |   1256 |   1240 |     16 |    187 |    737 |   3 |  418.7 |
       Dungeon |   1256 |   1240 |     16 |    187 |    737 |   3 |  418.7 |
               +--------+--------+--------+--------+--------+-----+--------+

Top non-repeatable levels by time:
     D:1: 844 daAuts
     D:3: 244 daAuts
     D:2: 167 daAuts
